 Dungeon Crawl Stone Soup version 0.30.0-15-g856e2d3f33 (webtiles) character file.

Game seed: 396351325389281122

5402 qw the Cleaver (level 10, -7/64 HPs)
             Began as a Gargoyle Fighter on May 20, 2023.
             Mangled by a fire elemental (9 damage)
             ... summoned by a deep elf pyromancer
             ... on level 9 of the Dungeon.
             The game lasted 00:03:12 (8350 turns).

qw the Cleaver (Gargoyle Fighter)                   Turns: 8350, Time: 00:03:12

Health: -7/64      AC: 22    Str: 29    XL:     10   Next: 67%
Magic:  10/10      EV:  7    Int: 10    God:
Gold:   430        SH:  4    Dex:  9    Spells: 9/9 levels left

rFire   . . .        Y - +2 broad axe (flame)
rCold   + . .        c - +0 buckler
rNeg    + . .        p - +2 plate armour {rC+}
rPois   inf          (no helmet)
rElec   +            (no cloak)
rCorr   .            (no gloves)
SInv    +            (no boots)
Will    .....        (no amulet) Stlth
                     f - ring of see invisible
HPRegen 0.30/turn    n - +6 ring of strength
MPRegen 0.12/turn

%: no passive effects
@: about to teleport
A: sickness immunity, AC +7, negative energy resistance 1, electricity
resistance, torment resistance 1, petrification resistance
a: no special abilities


You were on level 9 of the Dungeon.
You visited 2 branches of the dungeon, and saw 10 of its levels.

You collected 430 gold pieces.


Innate Abilities, Weirdness & Mutations

You are immune to sickness and miasma.
Your stone body is resilient. (AC +7)
You are immune to poison.
You resist negative energy. (rN+)
You are resistant to electric shocks. (rElec)
You are resistant to unholy torment.
You are immune to petrification.


   Skills:
 + Level 8.3 Fighting
 - Level 11.3 Axes
 - Level 1.6 Throwing
 - Level 6.5 Armour
 - Level 1.0 Dodging
 - Level 5.2 Shields


You had 9 spell levels left.
You didn't know any spells.
Your spell library was empty.

Inventory:

Hand Weapons
 h - the +6 war axe "Sena" {heavy, rF+ Int+4}
   (You acquired it on level 2 of the Dungeon)

   Int:       It affects your intelligence (+4).
   rF:        It protects you from fire.
 Y - a +2 broad axe of flaming (weapon)
Armour
 c - a +0 buckler (worn)
 l - +0 acid dragon scales
 p - a +2 plate armour of cold resistance (worn)
Jewellery
 f - a ring of see invisible (left hand)
 j - a ring of ice
 n - a +6 ring of strength (right hand)
 r - a ring of protection from fire
 t - a ring of willpower
Scrolls
 a - a scroll of identify
 b - a scroll of summoning {unknown}
 k - 2 scrolls of teleportation
Potions
 d - 4 potions of might
 e - a potion of haste
 g - a potion of curing
 i - a potion of resistance
 m - a potion of lignification {unknown}
 o - a potion of attraction {unknown}
 s - a potion of invisibility {unknown}
 u - 2 potions of mutation {unknown}

Dungeon Overview and Level Annotations

Branches:
Dungeon (9/15)             Temple (1/1) D:6
   Lair: D:8-11         Orc: D:9-12

Altars:
Ashenzari
Cheibriados
Dithmenos
Elyvilon
Fedhas
Gozag
Hepliaklqana
Kikubaaqudgha
Makhleb
Nemelex Xobeh
Qazlal
Ru
Sif Muna
Trog
Uskayaw
Vehumet
Wu Jian
Xom
Yredelemnul
Zin
The Shining One

Shops:
D:6 ![


Message History

The centaur warrior is almost dead.
You block the centaur warrior's attack.
The centaur warrior kicks you but does no damage.
The centaur warrior hits you but does no damage.
The centaur warrior kicks you but does no damage.
You slash the centaur warrior! You burn the centaur warrior.
You kill the centaur warrior!
Your Axes skill increases to level 11!
The deep elf pyromancer hits you but does no damage.
You see here a +2 longbow of flaming.
You closely miss the deep elf pyromancer.
The deep elf pyromancer gestures wildly while chanting.
You hear a shout!
You barely miss the deep elf pyromancer.
You barely miss the fire elemental. x2
The deep elf pyromancer hits you but does no damage.
The fire elemental hits you. The fire elemental burns you!
The fire elemental hits you. The fire elemental burns you!
8348 ||| READING 3 scrolls of teleportation.
As you read the scroll of teleportation, it crumbles to dust.
You feel strangely unstable. The fire elemental closely misses you.
The fire elemental hits you.
The deep elf pyromancer hits you but does no damage.
You barely miss the deep elf pyromancer.
You closely miss the fire elemental. You hit the fire elemental.
The fire elemental closely misses you. You block the fire elemental's attack.
The deep elf pyromancer mumbles some strange words.
You block the fire elemental's attack. The fire elemental hits you.
The fire elemental burns you!
You closely miss the fire elemental.
The fire elemental is lightly damaged.
You hit the fire elemental but do no damage.
You hit the deep elf pyromancer. You burn the deep elf pyromancer.
You closely miss the fire elemental.
The fire elemental disappears in a puff of smoke!
The deep elf pyromancer casts a spell.
The deep elf pyromancer blinks!
The fire elemental hits you. The fire elemental burns you!
The fire elemental hits you. The fire elemental burns you!
You die...

#.# #.# #.#
#.#### ##....
######..#
#......$## #
#.####..E##E#
#.# ##.ยค@e#
#.# #.E##K#
#.# #.# #..#
KK #.#
#.#####..# ##
#.#
#.......##
#.# #..######
#.# #..#
#######.#
#..########
......#.###
#..........
#......


You could see a deep elf pyromancer, 3 fire elementals and 3 kobolds.

Vanquished Creatures
  A two-headed ogre (D:8)
  A centaur warrior (D:9)
  Joseph (D:8)
  Maggie (D:6)
  2 hornets (D:7)
  Sigmund (D:5)
  6 yaks (D:7)
  2 water moccasins (D:8)
  An acid dragon (D:8)
  2 orc warriors
  Duvessa (D:5)
  A black bear (D:6)
  2 ogres
  A centaur (D:6)
  A kobold brigand (D:7)
  2 bullfrogs (D:7)
  A scorpion (D:5)
  Dowan (D:5)
  A howler monkey (D:7)
  8 orc priests
  3 hounds
  4 jellies
  Natasha (twice) (D:4)
  Ijyb (D:5)
  A sleepcap (D:7)
  3 iguanas
  6 orc wizards
  9 adders
  A worm (D:2)
  29 orcs
  5 endoplasms
  2 giant cockroaches
  4 goblins
  5 hobgoblins
  7 jackals
  4 quokkas
  6 ball pythons
  4 bats
  5 frilled lizards
  10 kobolds
  5 rats
153 creatures vanquished.

Vanquished Creatures (others)
  2 orc priests (D:8)
2 creatures vanquished.

Grand Total: 155 creatures vanquished

Notes
Turn   | Place    | Note
-------+----------+-------------------------------------------
     0 | D:1      | qw the Gargoyle Fighter began the quest for the Orb.
     0 | D:1      | Reached XP level 1. HP: 14/14 MP: 1/1
     0 | D:1      | 0 ||| qw: Version: 0.2-a-97-g6b18286
     0 | D:1      | 0 ||| qw: Game counter: 31
     0 | D:1      | 0 ||| qw: Always use a shield: true
     0 | D:1      | 0 ||| qw: God list: Okawaru
     0 | D:1      | 0 ||| qw: Allow faded altars: false
     0 | D:1      | 0 ||| qw: Do Orc after D:15 true
     0 | D:1      | 0 ||| qw: Do second Lair branch before Depths: true
     0 | D:1      | 0 ||| qw: Lair rune preference: random
     0 | D:1      | 0 ||| qw: Plans: Normal, Zot:1-4, God:TSO, Crypt, Tomb,
                  | Pan, Slime:5, Hells, Abyss, Win
     0 | D:1      | 0 ||| PLANNING D:1-11
    61 | D:1      | Reached skill level 2 in Axes
   282 | D:1      | Reached XP level 2. HP: 19/19 MP: 2/2
   398 | D:1      | 398 ||| Stepping ~*~*~tactically~*~*~ (stealth).
   697 | D:1      | Reached skill level 3 in Axes
   859 | D:1      | 859 ||| READING 4 scrolls labelled NALOQER GUOSM.
   860 | D:1      | 860 ||| READING scroll labelled GUNUIQOTSU.
   861 | D:1      | 861 ||| DRINKING 2 pink potions.
   862 | D:1      | 862 ||| READING 3 scrolls of identify.
   862 | D:1      | 862 ||| IDENTIFYING yellow potion
   863 | D:1      | 863 ||| DROPPING potion of degeneration.
   970 | D:2      | Reached XP level 3. HP: 21/23 MP: 3/3
  1311 | D:2      | 1311 ||| Stepping ~*~*~tactically~*~*~ (stealth).
  1315 | D:2      | 1315 ||| Stepping ~*~*~tactically~*~*~ (stealth).
  1823 | D:2      | Reached XP level 4. HP: 28/28 MP: 4/4
  1871 | D:2      | 1871 ||| READING scroll labelled ANKERAGRUNWE.
  1875 | D:2      | 1875 ||| READING scroll labelled KASSEE ILOMEPI.
  1892 | D:2      | 1892 ||| READING scroll labelled SIVICKICRU.
  1892 | D:2      | Identified a scroll of acquirement
  1892 | D:2      | 1892 ||| ACQUIRING +6 war axe "Sena" {heavy, rF+ Int+4}
  1892 | D:2      | Acquired the +6 war axe "Sena" {heavy, rF+ Int+4}
  1894 | D:2      | 1894 ||| SWAPPING to +6 war axe "Sena" {heavy, rF+ Int+4}.
  1895 | D:2      | 1895 ||| DROPPING +0 war axe.
  1896 | D:2      | 1896 ||| READING 2 scrolls of identify.
  1896 | D:2      | 1896 ||| IDENTIFYING bubbling white potion
  1897 | D:2      | 1897 ||| DROPPING potion of berserk rage.
  1948 | D:3      | Reached skill level 4 in Axes
  2053 | D:3      | 2053 ||| Stepping ~*~*~tactically~*~*~ (stealth).
  2079 | D:3      | 2079 ||| Stepping ~*~*~tactically~*~*~ (hiding).
  2080 | D:3      | 2080 ||| Stepping ~*~*~tactically~*~*~ (hiding).
  2081 | D:3      | 2081 ||| Stepping ~*~*~tactically~*~*~ (hiding).
  2191 | D:3      | Reached XP level 5. HP: 32/32 MP: 5/5
  2196 | D:3      | 2196 ||| Stepping ~*~*~tactically~*~*~ (stealth).
  2794 | D:3      | 2794 ||| UPGRADING to +0 scale mail of willpower.
  2804 | D:3      | 2804 ||| DROPPING +0 scale mail.
  2805 | D:3      | 2805 ||| UPGRADING to ring of see invisible.
  2806 | D:3      | 2806 ||| READING scroll labelled TYCAED SUIWN.
  2807 | D:3      | 2807 ||| READING 3 scrolls of identify.
  2807 | D:3      | 2807 ||| IDENTIFYING fizzy inky potion
  2808 | D:3      | 2808 ||| READING 2 scrolls of identify.
  2808 | D:3      | 2808 ||| IDENTIFYING bubbling yellow potion
  2809 | D:3      | 2809 ||| DROPPING potion of flight.
  2810 | D:3      | 2810 ||| DROPPING potion of brilliance.
  3011 | D:4      | Reached skill level 5 in Axes
  3150 | D:4      | 3150 ||| Stepping ~*~*~tactically~*~*~ (stealth).
  3160 | D:4      | Reached XP level 6. HP: 16/38 MP: 6/6
  3185 | D:4      | Reached skill level 1 in Dodging
  3244 | D:4      | 3244 ||| DROPPING +0 whip.
  3299 | D:4      | Noticed Natasha
  3302 | D:4      | Killed Natasha
  3387 | D:4      | Noticed Natasha
  3388 | D:4      | 3388 ||| Stepping ~*~*~tactically~*~*~ (hiding).
  3389 | D:4      | 3389 ||| Stepping ~*~*~tactically~*~*~ (hiding).
  3390 | D:4      | 3390 ||| Stepping ~*~*~tactically~*~*~ (hiding).
  3394 | D:4      | Killed Natasha
  3597 | D:4      | 3597 ||| UPGRADING to +0 chain mail.
  3607 | D:4      | 3607 ||| DROPPING +0 scale mail of willpower.
  3608 | D:4      | 3608 ||| READING scroll labelled RIRURCHEKHO.
  3609 | D:4      | 3609 ||| DRINKING 2 golden potions.
  3649 | D:5      | Entered Level 5 of the Dungeon
  3664 | D:5      | Noticed Dowan
  3665 | D:5      | 3665 ||| Stepping ~*~*~tactically~*~*~ (hiding).
  3671 | D:5      | Killed Dowan
  3812 | D:5      | Noticed Duvessa
  3813 | D:5      | 3813 ||| Stepping ~*~*~tactically~*~*~ (stealth).
  3820 | D:5      | HP: 9/38 [Duvessa/+0 rapier (10)]
  3821 | D:5      | 3821 ||| DRINKING potion of heal wounds.
  3824 | D:5      | Killed Duvessa
  3825 | D:5      | Reached skill level 6 in Axes
  3825 | D:5      | Reached XP level 7. HP: 35/43 MP: 7/7
  3953 | D:5      | Noticed Ijyb
  3954 | D:5      | 3954 ||| Stepping ~*~*~tactically~*~*~ (hiding).
  3962 | D:5      | Killed Ijyb
  3963 | D:5      | Reached skill level 7 in Axes
  4192 | D:5      | 4192 ||| Stepping ~*~*~tactically~*~*~ (hiding).
  4258 | D:5      | 4258 ||| DROPPING +0 flail.
  4441 | D:5      | Noticed Sigmund
  4444 | D:5      | Killed Sigmund
  4445 | D:5      | Reached XP level 8. HP: 49/49 MP: 8/8
  4664 | D:5      | Reached skill level 8 in Axes
  4834 | D:5      | 4834 ||| UPGRADING to ring of willpower.
  4835 | D:5      | 4835 ||| READING 2 scrolls of identify.
  4835 | D:5      | 4835 ||| IDENTIFYING viscous green potion
  4852 | D:6      | Reached skill level 1 in Throwing
  4861 | D:6      | Found Digoheh's Distillery.
  5052 | D:6      | Reached skill level 6 in Fighting
  5096 | D:6      | Noticed Maggie
  5097 | D:6      | 5097 ||| Stepping ~*~*~tactically~*~*~ (stealth).
  5139 | D:6      | Found Moore's Dragon-Slaying Spoils.
  5146 | D:6      | 5146 ||| SHOPLISTING +0 fire dragon scales (900 gold, have
                  | 241).
  5146 | D:6      | 5146 ||| SHOPLISTING +0 gold dragon scales (1200 gold, have
                  | 241).
  5146 | D:6      | 5146 ||| SHOPLISTING +0 ice dragon scales (900 gold, have
                  | 241).
  5146 | D:6      | 5146 ||| SHOPLISTING +0 pearl dragon scales (1500 gold,
                  | have 241).
  5146 | D:6      | 5146 ||| SHOPLISTING +1 acid dragon scales (705 gold, have
                  | 241).
  5146 | D:6      | 5146 ||| SHOPLISTING +2 shadow dragon scales (1380 gold,
                  | have 241).
  5146 | D:6      | 5146 ||| SHOPLISTING +2 storm dragon scales (1380 gold,
                  | have 241).
  5146 | D:6      | 5146 ||| SHOPLISTING quicksilver dragon scales of Feasting
                  | {rC+ Will+ Int+5} (1267 gold, have 241).
  5175 | D:6      | Killed Maggie
  5176 | D:6      | Reached skill level 9 in Axes
  5176 | D:6      | Reached XP level 9. HP: 18/55 MP: 9/9
  5306 | D:6      | 5306 ||| SWAPPING to +2 broad axe of flaming.
  5307 | D:6      | 5307 ||| DROPPING +0 morningstar.
  5324 | D:6      | Found a staircase to the Ecumenical Temple.
  5325 | D:6      | 5325 ||| PLANNING TEMPLE
  5325 | D:6      | 5325 ||| READING scroll labelled ZAUXUB MIFUX.
  5326 | D:6      | 5326 ||| READING 2 scrolls of identify.
  5326 | D:6      | 5326 ||| IDENTIFYING fizzy blue potion
  5327 | D:6      | 5327 ||| DROPPING potion of magic.
  5337 | Temple   | Entered the Ecumenical Temple
  5542 | Temple   | 5542 ||| PLANNING D:1-11
  5613 | D:6      | 5613 ||| Stepping ~*~*~tactically~*~*~ (stealth).
  5884 | D:6      | 5884 ||| READING scroll labelled SIF WOM DAQEPH.
  5959 | D:7      | Noticed a hornet
  5965 | D:7      | Killed a hornet
  6408 | D:7      | 6408 ||| Stepping ~*~*~tactically~*~*~ (stealth).
  6410 | D:7      | 6410 ||| Stepping ~*~*~tactically~*~*~ (hiding).
  6765 | D:7      | 6765 ||| UPGRADING to +6 ring of strength.
  6767 | D:7      | 6767 ||| READING 2 scrolls labelled COXZIL JECVAUBB.
  6789 | D:8      | 6789 ||| STAIRDANCE
  6791 | D:8      | 6791 ||| STAIRDANCE
  6793 | D:7      | 6793 ||| DRINKING 3 potions of curing.
  6793 | D:7      | 6793 ||| (to cure confusion)
  6833 | D:8      | Noticed a hornet
  6834 | D:8      | 6834 ||| STAIRDANCE
  6903 | D:8      | 6903 ||| STAIRDANCE
  6908 | D:7      | Reached skill level 10 in Axes
  6908 | D:7      | HP: 10/57 [yak (8)]
  6909 | D:7      | 6909 ||| READING 6 scrolls of teleportation.
  6910 | D:7      | 6910 ||| DRINKING potion of heal wounds.
  7024 | D:7      | 7024 ||| UPGRADING to +1 plate armour of cold resistance.
  7034 | D:7      | 7034 ||| DROPPING +0 chain mail.
  7035 | D:7      | 7035 ||| READING scroll of enchant armour.
  7035 | D:7      | 7035 ||| ENCHANTING +1 plate armour of cold resistance.
  7039 | D:8      | 7039 ||| STAIRDANCE
  7042 | D:7      | Killed a hornet
  7043 | D:7      | Reached XP level 10. HP: 45/64 MP: 10/10
  7144 | D:8      | 7144 ||| STAIRDANCE
  7211 | D:8      | Noticed Joseph
  7222 | D:8      | HP: 16/64 [acid dragon (6)]
  7223 | D:8      | 7223 ||| READING 5 scrolls of teleportation.
  7224 | D:8      | HP: 7/64 [acid dragon (6)]
  7343 | D:8      | Paralysed by Joseph for 2 turns
  7353 | D:8      | HP: 15/64 [Joseph/+0 quarterstaff (11)]
  7354 | D:8      | 7354 ||| READING 4 scrolls of teleportation.
  7356 | D:8      | Killed Joseph
  7357 | D:8      | Reached skill level 6 in Armour
  7609 | D:8      | 7609 ||| DRINKING 2 potions of curing.
  7609 | D:8      | 7609 ||| (to cure confusion)
  7610 | D:8      | 7610 ||| Stepping ~*~*~tactically~*~*~ (hiding).
  7616 | D:8      | 7616 ||| Stepping ~*~*~tactically~*~*~ (stealth).
  7762 | D:8      | Noticed a two-headed ogre
  7780 | D:8      | Killed a two-headed ogre
  8057 | D:8      | 8057 ||| DROPPING orb of light.
  8335 | D:9      | Noticed a centaur warrior
  8339 | D:9      | Noticed a deep elf pyromancer
  8344 | D:9      | Killed a centaur warrior
  8345 | D:9      | Reached skill level 11 in Axes
  8347 | D:9      | HP: 16/64 [fire elemental[a deep elf pyromancer] (11)]
  8348 | D:9      | 8348 ||| READING 3 scrolls of teleportation.
  8349 | D:9      | HP: 7/64 [fire elemental[a deep elf pyromancer] (10)]
  8350 | D:9      | HP: 2/64 [fire elemental[a deep elf pyromancer] (5)]
  8350 | D:9      | Mangled by a fire elemental

Levels and vault maps discovered:
D:1:      roderic_chinese_lattice_arrival, layout_basic, minivault_24,
          nicolae_eternal_life, feat_on_display
D:2:      layout_loops_corners
D:3:      layout_basic
D:4:      layout_loops_cross, uniq_natasha
D:5:      layout_basic, uniq_sigmund, uniq_duvessa, uniq_ijyb
D:6:      layout_rooms, minmay_temple_entry_wispy, serial_shops,
          nicolae_take_the_stairs, minmay_misc_feat_enclosed,
          nicolae_shop_dragon_depot, kennysheep_small_square, uniq_maggie
D:7:      layout_loops_corners
D:8:      layout_cave_pools, minmay_misc_feat_tiny, kennysheep_generic_room_11,
          uniq_joseph
D:9:      minmay_cornered_nines, layout_loops_ring, palyth_stone_intersect,
          kennysheep_donut
Temple:   mainiacjoe_temple_hex_bubbles

Skill      XL: |  1  2  3  4  5  6  7  8  9 10 |
---------------+-------------------------------+-----
Axes           | 2 3 4 5 6 7 9 10 11 | 11.3
Fighting       | 4 5 6 8 |  8.3
Dodging        | 1 |  1.0
Throwing       | 1 |  1.6
Shields        | 4 5 |  5.2
Armour         | 5 6 |  6.5

Action                     |  1- 3 |  4- 6 |  7- 9 | 10-12 || total
---------------------------+-------+-------+-------+-------++-------
  Melee: War axe           |   129 |    76 |    68 |       ||   273
         Broad axe         |       |       |    67 |    67 ||   134
         Unarmed           |       |       |       |    14 ||    14
  Throw: Boomerang         |       |     9 |    20 |     3 ||    32
    Use: Scroll            |     3 |     8 |     7 |     3 ||    21
         Potion            |     1 |     2 |     2 |     1 ||     6
 Armour: Scale mail        |    75 |    36 |       |       ||   111
         Chain mail        |       |    11 |    64 |       ||    75
         Plate armour      |       |       |     6 |    53 ||    59
  Dodge: Dodged            |    61 |    39 |    64 |    59 ||   223
  Block: Buckler           |    24 |    11 |    35 |    11 ||    81

Table legend:
 A = Non-vault XP
 B = Vault XP
 C = Vault XP percentage of total XP
 D = Non-vault monster count
 E = Vault monster count
 F = Vault count percentage of total count
                 A         B        C        D         E       F
            +---------+---------+-------+---------+---------+-------
      Total |    5563 |    2155 |  27.9 |     143 |      10 |   6.5
            +---------+---------+-------+---------+---------+-------
        D:1 |      31 |       0 |   0.0 |      20 |       0 |   0.0
        D:2 |      52 |       0 |   0.0 |      21 |       0 |   0.0
        D:3 |     108 |       0 |   0.0 |      21 |       0 |   0.0
        D:4 |     231 |      39 |  14.4 |      12 |       1 |   7.7
        D:5 |     512 |     471 |  47.9 |      16 |       4 |  20.0
        D:6 |     834 |     382 |  31.4 |      20 |       2 |   9.1
        D:7 |    2388 |       0 |   0.0 |      21 |       0 |   0.0
        D:8 |    1407 |     453 |  24.4 |      12 |       2 |  14.3
        D:9 |       0 |     810 | 100.0 |       0 |       1 | 100.0
            +---------+---------+-------+---------+---------+-------
